cohdb
Replays
Latest Replays
All Replays
Popular Replays
Top Player Replays
Match Explorer
How It Works
Community
CoH3 Stats
Reddit
Sign in to upload your games and track your stats! →
Sign in with Steam
Match 38017682
Unlisted
Match 38017682
Overview
Messages
Build Orders
End
Construct Weapon Support Center
Selects Armored Battlegroup
Selects Assault Engineers
Assault Engineer Squad
M1919 Machine Gun Team
Assault Engineer Squad
Assault Engineer Squad
Air Support Center
Assault Engineer Squad
Grasshopper Recon Run
Air Supply
P-47 Dive Bomb
M3 Armored Personnel Carrier
M3 Armored Personnel Carrier
Grasshopper Recon Run
P-47 Strafing Run
Assault Engineer Squad
Grasshopper Recon Run
Construct Tank Depot
Selects Strength in Steel
P-47 Strafing Run
Grasshopper Recon Run
P-47 Strafing Run
Assault Engineer Squad
Selects Seek and Destroy
Selects UNKNOWN (2160077)
P-47 Dive Bomb
Grasshopper Recon Run
M4A3E8 Sherman Easy Eight
P-47 Strafing Run
Grasshopper Recon Run
P-47 Strafing Run
Honey
khj
Euph0ria
Zebra
塔露rua
MarcusLSW
千年第一情深王小桃
天凉好个秋
0
0
Comments
sign in to comment!
No comments posted yet!